Rivermen vs Pirates

Created - Tuesday, March 17, 2015 at 23:36

Goals
1 2 3 T
Rivermen 0 0 0 0
Pirates 4 5 1 10
Shots
1 2 3 T
Rivermen 10 5 6 21
Pirates 8 17 3 28

1st period

1. Pirates , Gilbert Brule 27 (Nick Johnson, Brandon Segal) at 8:59 (PP)
2. Pirates , Gilbert Brule 28 (Nathan Beaulieu, Malcolm Subban) at 10:13 (PP)
3. Pirates , Gilbert Brule 29 (Henrik Tommernes) at 14:06 (PP)
4. Pirates , Gilbert Brule 30 (Nick Johnson) at 15:34 (PP)

Penalties :
Tobias Rieder (POR) for Holding (Minor) at 4:29, Cody Goloubef (Peo) for Holding (Minor) at 8:34, Rob Davison (Peo) for Tripping (Minor) at 8:49, Cody Goloubef (Peo) for Holding (Minor) at 13:22, Brian O'Neill (Peo) for Elbowing (Minor) at 15:28, John Lee (Peo) for Roughing (Minor) at 16:12

2nd period

5. Pirates , Ryan Craig 6 (Tom Gilbert, David Steckel) at 3:15
6. Pirates , Gilbert Brule 31 (Brandon Segal, Andrej Sustr) at 5:07
7. Pirates , Tobias Rieder 12 (Mike Richards, Henrik Tommernes) at 6:52
8. Pirates , Mike Richards 2 (Aaron Rome, Eric Tangradi) at 13:50
9. Pirates , Mike Richards 3 (Aaron Rome) at 17:24

Penalties :
No Penalty

3rd period

10. Pirates , Gilbert Brule 32 (Nathan Beaulieu) at 5:20 (PP)

Penalties :
Joe Whitney (Peo) for High sticking (Minor) at 4:00, Tom Gilbert (POR) for Hooking (Minor) at 5:36, Ryan Craig (POR) for High sticking (Minor) at 16:09

Goalie Stats

Tyler Bunz (Peo), 6 saves from 12 shots - (0.500), L, 6-25-1, 41:44 minutes
Jared Coreau (Peo), 12 saves from 16 shots - (0.750), 18:16 minutes
Malcolm Subban (POR), 21 saves from 21 shots - (1.000), W, 16-4-13, 60:00 minutes

Players Stats for Rivermen

Player Name              G  A  P  +/- PIM S  H  SB GA TA FO     MP     PP MP  PK MP  
------------------------------------------------------------------------------------
Brian Gibbons            0  0  0   0  0   1  0  0  4  2  4/13   15:50   2:55   1:01 
Brian O'Neill            0  0  0  -2  2   0  2  2  0  0  0/0    15:04   0:29   0:00 
Cody Goloubef            0  0  0  -1  4   1  4  0  0  1  0/0    18:25   3:05   0:12 
Colton Sissons           0  0  0   0  0   1  0  0  1  0  2/2     6:23   0:00   0:00 
Evan Rankin              0  0  0   0  0   0  0  0  0  0  0/0     6:23   0:00   0:00 
J.T. Brown               0  0  0   0  0   4  3  0  1  3  1/8    23:39   2:30   4:38 
Jeremy Morin             0  0  0  -2  0   1  2  0  3  0  0/0    14:45   0:00   0:09 
Joakim Nordstrom         0  0  0  -2  0   1  1  0  3  0  6/9    15:01   0:25   0:00 
Joe Piskula              0  0  0  -3  0   0  0  0  0  0  0/0    13:32   0:27   0:00 
Joe Whitney              0  0  0  -3  2   3  2  0  4  2  0/0    19:18   2:33   0:00 
John Lee                 0  0  0  -3  2   0  0  4  0  1  0/0    14:29   0:00   1:24 
Mark Stone               0  0  0  -3  0   5  0  0  4  0  0/0    19:46   3:02   1:01 
Maxime Fortunus          0  0  0  -1  0   1  0  0  0  1  0/0    18:27   3:05   0:12 
Rob Davison              0  0  0  -1  2   0  3  1  0  6  0/0    22:02   2:52   4:11 
Ryan Reaves              0  0  0   0  0   1  5  1  0  1  0/2    19:05   2:55   4:37 
Ryan Sproul              0  0  0  -1  0   0  1  1  0  5  0/0    28:01   2:25   5:36 
Zach Miskovic            0  0  0   0  0   0  0  1  0  1  0/0     5:01   0:00   0:00 
Zack Phillips            0  0  0  -3  0   2  1  1  1  0  5/16   18:45   3:02   0:00 

Players Stats for Pirates

Player Name              G  A  P  +/- PIM S  H  SB GA TA FO     MP     PP MP  PK MP  
------------------------------------------------------------------------------------
Aaron Rome               0  2  2   2  0   2  0  1  2  2  0/0    24:26   2:38   1:28 
Andrej Sustr             0  1  1   2  0   1  0  1  1  2  0/0    24:26   2:38   1:28 
Andrew Alberts           0  0  0   0  0   0  0  0  0  0  0/0     0:00   0:00   0:00 
Bobby Butler             0  0  0   1  0   3  1  1  2  0  4/4    23:26   3:00   3:27 
Brandon Segal            0  2  2   1  0   2  2  0  0  0  5/6    18:38   2:48   0:00 
David Steckel            0  1  1   1  0   1  2  0  1  0  9/12   23:22   3:00   3:46 
Eric Tangradi            0  1  1   3  0   0  0  1  1  0  0/1    15:55   0:00   1:03 
Gilbert Brule            6  0  6   1  0   8  4  0  5  0  8/13   19:04   2:48   0:49 
Henrik Tommernes         0  2  2   3  0   0  1  0  1  2  0/0    21:52   3:10   4:29 
Mike Richards            2  1  3   3  0   3  0  0  7  0  2/2    16:23   0:00   1:08 
Nathan Beaulieu          0  2  2   3  0   3  1  0  7  3  0/0    21:52   3:10   4:29 
Nick Johnson             0  2  2   1  0   1  2  0  0  1  1/1    18:51   2:48   0:24 
Peter Holland            0  0  0   0  0   0  2  0  1  1  0/2     5:59   0:00   0:38 
Ryan Craig               1  0  1   1  2   1  0  0  3  0  0/0    16:33   3:00   0:39 
Ryan Stoa                0  0  0   0  0   0  0  0  0  0  0/0     0:00   0:00   0:00 
Tobias Rieder            1  0  1   3  2   1  0  0  0  0  3/9    15:40   0:00   0:00 
Tom Gilbert              0  1  1   0  2   2  2  0  0  2  0/0    13:51   0:00   0:00 
Vincent LoVerde          0  0  0   0  0   0  1  0  0  1  0/0    13:42   0:00   0:00 

3 Stars

1 - Gilbert Brule (POR)
2 - Mike Richards (POR)
3 - Malcolm Subban (POR)

Power Play

Rivermen - 0 on 3 Attempt(s) - 0.00%
Pirates - 5 on 6 Attempt(s) - 83.33%

Penalty Kill

Rivermen - 1 on 6 Attempt(s) - 16.67% - Score 0 goal in Penalty Kill
Pirates - 3 on 3 Attempt(s) - 100.00% - Score 0 goal in Penalty Kill

Team Stat

Rivermen - Hits : 24 - Faceoff Wins : 18 - Blocked Shots : 11 - Penalty Minutes : 12
Pirates - Hits : 18 - Faceoff Wins : 32 - Blocked Shots : 4 - Penalty Minutes : 6

Official

Referees : Unknown
Linesman : Unknown

Game Notes

1:11 of 1st period - Pirates goal is going for a video replay. After video review, No Goal. The puck has been directed, batted or thrown into the net by an attacking player other than with a stick.
Gilbert Brule has scored a Hat Trick!
Jared Coreau enters game at 15:34 of 1st period
Tyler Bunz enters game at 13:50 of 2nd period

Finance

Level 1 -- Attendance: 1552 (77.60%) -- Ticket Income $54,320
Level 2 -- Attendance: 811 (81.10%) -- Ticket Income $12,165
Total Attendance: 2363 (78.77%)
Total Ticket Income: $66,485
Other Income: $32,578
Total Income: $99,063

Rivermen

5 vs 5 Forward 
   Center                   Left Wing                Right Wing               Time % Phy DF OF 
 1 Brian Gibbons            J.T. Brown               Ryan Reaves              35     1   2  2  
 2 Zack Phillips            Joe Whitney              Mark Stone               30     1   2  2  
 3 Joakim Nordstrom         Jeremy Morin             Brian O'Neill            22     1   2  2  
 4 Colton Sissons           J.T. Brown               Evan Rankin              13     1   2  2  

5 vs 5 Defense 
   Defense                  Defense                                           Time % Phy DF OF 
 1 Ryan Sproul              Rob Davison                                       35     1   2  2  
 2 Maxime Fortunus          Cody Goloubef                                     30     1   2  2  
 3 Joe Piskula              John Lee                                          22     1   2  2  
 4 Zach Miskovic            Ryan Sproul                                       13     1   2  2  

PowerPlay Forward 
   Center                   Left Wing                Right Wing               Time % Phy DF OF 
 1 Brian Gibbons            J.T. Brown               Ryan Reaves              60     1   2  2  
 2 Zack Phillips            Joe Whitney              Mark Stone               40     1   2  2  

PowerPlay Defense
   Defense                  Defense                                           Time % Phy DF OF 
 1 Ryan Sproul              Rob Davison                                       60     1   2  2  
 2 Maxime Fortunus          Cody Goloubef                                     40     1   2  2  

Penalty Kill 4 Players Forward 
   Center                   Wing                     Time % Phy DF OF 
 1 J.T. Brown               Ryan Reaves              60     1   2  2  
 2 Mark Stone               Brian Gibbons            40     1   2  2  

Penalty Kill 4 Players Defense
   Defense                  Defense                  Time % Phy DF OF 
 1 Ryan Sproul              Rob Davison              60     1   2  2  
 2 Maxime Fortunus          Cody Goloubef            40     1   2  2  

Penalty Kill - 3 Players Forward 
   Forward                                           Time % Phy DF OF 
 1 J.T. Brown                                        60     1   2  2  
 2 Ryan Reaves                                       40     1   2  2  

Penalty Kill - 3 Players Defense
   Defense                  Defense                  Time % Phy DF OF 
 1 Ryan Sproul              Rob Davison              60     1   2  2  
 2 Maxime Fortunus          Cody Goloubef            40     1   2  2  

4 vs 4 Forward 
   Center                   Wing                     Time % Phy DF OF 
 1 J.T. Brown               Ryan Reaves              60     1   2  2  
 2 Mark Stone               Brian Gibbons            40     1   2  2  

4 vs 4 Defense
   Defense                  Defense                  Time % Phy DF OF 
 1 Ryan Sproul              Rob Davison              60     1   2  2  
 2 Maxime Fortunus          Cody Goloubef            40     1   2  2  

Last Minutes Offensive
   Center                   Left Wing                Right Wing               Defense                  Defense                  
   Brian Gibbons            J.T. Brown               Ryan Reaves              Ryan Sproul              Rob Davison              

Last Minutes Defensive
   Center                   Left Wing                Right Wing               Defense                  Defense                  
   Brian Gibbons            J.T. Brown               Ryan Reaves              Ryan Sproul              Rob Davison              

Goaltenders
Starting : Tyler Bunz               
Backup : Jared Coreau             

Extra Forwards
Normal : Joakim Nordstrom, Brian O'Neill, Jeremy Morin - PP : Joakim Nordstrom, Brian O'Neill - PK : Jeremy Morin
Extra Defensemen
Normal : Joe Piskula, John Lee, Zach Miskovic - PP : Joe Piskula - PK : John Lee, Zach Miskovic
Penalty Shots
J.T. Brown, Ryan Reaves, Mark Stone, Brian Gibbons, Zack Phillips

Pirates

5 vs 5 Forward 
   Center                   Left Wing                Right Wing               Time % Phy DF OF 
 1 David Steckel            Ryan Craig               Bobby Butler             35     1   2  2  
 2 Gilbert Brule            Nick Johnson             Brandon Segal            30     1   2  2  
 3 Tobias Rieder            Eric Tangradi            Mike Richards            22     1   2  2  
 4 Peter Holland            Bobby Butler             David Steckel            13     1   2  2  

5 vs 5 Defense 
   Defense                  Defense                                           Time % Phy DF OF 
 1 Aaron Rome               Andrej Sustr                                      35     1   2  2  
 2 Nathan Beaulieu          Henrik Tommernes                                  30     1   2  2  
 3 Vincent LoVerde          Tom Gilbert                                       22     1   2  2  
 4 Andrej Sustr             Aaron Rome                                        13     1   2  2  

PowerPlay Forward 
   Center                   Left Wing                Right Wing               Time % Phy DF OF 
 1 David Steckel            Ryan Craig               Bobby Butler             60     1   2  2  
 2 Gilbert Brule            Nick Johnson             Brandon Segal            40     1   2  2  

PowerPlay Defense
   Defense                  Defense                                           Time % Phy DF OF 
 1 Aaron Rome               Andrej Sustr                                      60     1   2  2  
 2 Nathan Beaulieu          Henrik Tommernes                                  40     1   2  2  

Penalty Kill 4 Players Forward 
   Center                   Wing                     Time % Phy DF OF 
 1 Bobby Butler             David Steckel            60     1   2  2  
 2 Gilbert Brule            Ryan Craig               40     1   2  2  

Penalty Kill 4 Players Defense
   Defense                  Defense                  Time % Phy DF OF 
 1 Aaron Rome               Andrej Sustr             60     1   2  2  
 2 Nathan Beaulieu          Henrik Tommernes         40     1   2  2  

Penalty Kill - 3 Players Forward 
   Forward                                           Time % Phy DF OF 
 1 Bobby Butler                                      60     1   2  2  
 2 David Steckel                                     40     1   2  2  

Penalty Kill - 3 Players Defense
   Defense                  Defense                  Time % Phy DF OF 
 1 Aaron Rome               Andrej Sustr             60     1   2  2  
 2 Nathan Beaulieu          Henrik Tommernes         40     1   2  2  

4 vs 4 Forward 
   Center                   Wing                     Time % Phy DF OF 
 1 Bobby Butler             David Steckel            60     1   2  2  
 2 Gilbert Brule            Ryan Craig               40     1   2  2  

4 vs 4 Defense
   Defense                  Defense                  Time % Phy DF OF 
 1 Aaron Rome               Andrej Sustr             60     1   2  2  
 2 Nathan Beaulieu          Henrik Tommernes         40     1   2  2  

Last Minutes Offensive
   Center                   Left Wing                Right Wing               Defense                  Defense                  
   David Steckel            Ryan Craig               Bobby Butler             Aaron Rome               Andrej Sustr             

Last Minutes Defensive
   Center                   Left Wing                Right Wing               Defense                  Defense                  
   David Steckel            Ryan Craig               Bobby Butler             Aaron Rome               Andrej Sustr             

Goaltenders
Starting : Malcolm Subban           
Backup : Magnus Hellberg          

Extra Forwards
Normal : Tobias Rieder, Peter Holland, Eric Tangradi - PP : Tobias Rieder, Peter Holland - PK : Eric Tangradi
Extra Defensemen
Normal : Vincent LoVerde, Andrej Sustr, Aaron Rome - PP : Vincent LoVerde - PK : Andrej Sustr, Aaron Rome
Penalty Shots
Bobby Butler, David Steckel, Gilbert Brule, Ryan Craig, Brandon Segal

% Time on Ice - Rivermen

Lines # - Real PCT - Wanted PCT - Time Play
Normal Forward
1 - 24% - 35% - 11:33
2 - 33% - 30% - 15:43
3 - 30% - 22% - 14:36
4 - 13% - 13% - 6:23
Normal Defense
1 - 31% - 35% - 14:59
2 - 31% - 30% - 15:10
3 - 27% - 22% - 13:05
4 - 10% - 13% - 5:01
PP Forward
1 - 49% - 60% - 2:55
2 - 51% - 40% - 3:02
PP Defense
1 - 48% - 60% - 2:52
2 - 52% - 40% - 3:05
PK Forward
1 - 82% - 60% - 4:37
2 - 18% - 40% - 1:01
PK Defense
1 - 96% - 60% - 5:26
2 - 4% - 40% - 0:12
PK3 Forward
1 - 100% - 60% - 0:10
2 - 0% - 40% - 0:00
PK3 Defense
1 - 100% - 60% - 0:10
2 - 0% - 40% - 0:00
44 Forward
1 - 0% - 60%
2 - 0% - 40%
44 Defense
1 - 0% - 60%
2 - 0% - 40%
Last Minute Offensive  - 0:00
Last Minute Defensive  - 0:00
Total
Forward - 60:00
Defense - 60:00

% Time on Ice - Pirates

Lines # - Real PCT - Wanted PCT - Time Play
Normal Forward
1 - 29% - 35% - 13:54
2 - 32% - 30% - 15:27
3 - 31% - 22% - 14:52
4 - 8% - 13% - 4:02
Normal Defense
1 - 35% - 35% - 16:52
2 - 29% - 30% - 14:13
3 - 28% - 22% - 13:42
4 - 7% - 13% - 3:28
PP Forward
1 - 52% - 60% - 3:00
2 - 48% - 40% - 2:48
PP Defense
1 - 45% - 60% - 2:38
2 - 55% - 40% - 3:10
PK Forward
1 - 86% - 60% - 5:08
2 - 14% - 40% - 0:49
PK Defense
1 - 25% - 60% - 1:28
2 - 75% - 40% - 4:29
PK3 Forward
1 - 0% - 60%
2 - 0% - 40%
PK3 Defense
1 - 0% - 60%
2 - 0% - 40%
44 Forward
1 - 0% - 60%
2 - 0% - 40%
44 Defense
1 - 0% - 60%
2 - 0% - 40%
Last Minute Offensive  - 0:00
Last Minute Defensive  - 0:00
Total
Forward - 60:00
Defense - 60:00

Play by Play

1st period


0:01 of 1st period - Bobby Butler wins face-off versus J.T. Brown in neutral zone.
0:51 of 1st period - Zack Phillips is hit by Nick Johnson and loses puck.
1:09 of 1st period - Slapshot by Tom Gilbert.
1:09 of 1st period - Shot Blocked by Zack Phillips.
1:11 of 1st period - Slapshot by Tom Gilbert.
1:11 of 1st period - Pirates goal is going for a video replay.
1:11 of 1st period - The goal is refused. The puck has been directed, batted or thrown into the net by an attacking player other than with a stick..
1:12 of 1st period - Tobias Rieder wins face-off versus Joakim Nordstrom in Rivermen zone.
2:14 of 1st period - Nathan Beaulieu is hit by Cody Goloubef and loses puck.
3:06 of 1st period - Wrist shot by Mark Stone.
3:06 of 1st period - Shot Blocked by Aaron Rome.
3:08 of 1st period - Wrist shot by Joe Whitney.
3:08 of 1st period - Deflect By Mark Stone.
3:08 of 1st period - Stopped by Malcolm Subban with a rebound.
3:10 of 1st period - Slapshot by John Lee.
3:10 of 1st period - Shot Misses the Net.
3:26 of 1st period - Brandon Segal is hit by J.T. Brown and loses puck.
3:31 of 1st period - Snap shot by J.T. Brown.
3:31 of 1st period - Stopped by Malcolm Subban without a rebound.
3:32 of 1st period - Gilbert Brule wins face-off versus Brian Gibbons in Pirates zone.
3:43 of 1st period - Backhand shot by Nick Johnson.
3:43 of 1st period - Shot Misses the Net.
4:29 of 1st period - Minor Penalty to Tobias Rieder for Holding.
4:30 of 1st period - Bobby Butler wins face-off versus Zack Phillips in Pirates zone.
4:36 of 1st period - Snap shot by Joe Whitney.
4:36 of 1st period - Deflect By Mark Stone.
4:36 of 1st period - Shot Misses the Net.
4:36 of 1st period - Puck is out of play.
4:37 of 1st period - Bobby Butler wins face-off versus Zack Phillips in Pirates zone.
5:08 of 1st period - Snap shot by Mark Stone.
5:08 of 1st period - Stopped by Malcolm Subban without a rebound.
5:09 of 1st period - Gilbert Brule wins face-off versus Brian Gibbons in Pirates zone.
5:09 of 1st period - Gilbert Brule is hit by Ryan Reaves.
6:29 of 1st period - Penalty to Tobias Rieder is over, Tobias Rieder is back on ice.
6:40 of 1st period - Henrik Tommernes is hit by Brian O'Neill and loses puck.
7:14 of 1st period - David Steckel is hit by Joakim Nordstrom.
8:34 of 1st period - Minor Penalty to Cody Goloubef for Holding.
8:35 of 1st period - Brandon Segal wins face-off versus J.T. Brown in Rivermen zone.
8:49 of 1st period - Minor Penalty to Rob Davison for Tripping.
8:50 of 1st period - Gilbert Brule wins face-off versus J.T. Brown in Rivermen zone.
8:59 of 1st period - Snap shot by Gilbert Brule.
8:59 of 1st period - Goal by Gilbert Brule - Rivermen : 0 - Pirates : 1.
9:00 of 1st period - Gilbert Brule wins face-off versus J.T. Brown in neutral zone.
9:15 of 1st period - Snap shot by Andrej Sustr.
9:15 of 1st period - Shot Blocked by Ryan Sproul.
10:13 of 1st period - Wrist shot by Gilbert Brule.
10:13 of 1st period - Goal by Gilbert Brule - Rivermen : 0 - Pirates : 2.
10:14 of 1st period - Mike Richards wins face-off versus Zack Phillips in neutral zone.
10:22 of 1st period - Snap shot by Mark Stone.
10:22 of 1st period - Shot Blocked by Andrej Sustr.
10:24 of 1st period - Slapshot by Cody Goloubef.
10:24 of 1st period - Stopped by Malcolm Subban with a rebound.
10:26 of 1st period - Snap shot by Joe Whitney.
10:26 of 1st period - Stopped by Malcolm Subban with a rebound.
10:28 of 1st period - Snap shot by Mark Stone.
10:28 of 1st period - Deflect By Mike Richards.
10:28 of 1st period - Shot Misses the Net.
10:28 of 1st period - Puck is out of play.
10:29 of 1st period - Tobias Rieder wins face-off versus Zack Phillips in Pirates zone.
10:56 of 1st period - Wrist shot by Joe Whitney.
10:56 of 1st period - Stopped by Malcolm Subban with a rebound.
10:58 of 1st period - Backhand shot by Mark Stone.
10:58 of 1st period - Stopped by Malcolm Subban with a rebound.
11:00 of 1st period - Snap shot by Mark Stone.
11:00 of 1st period - Stopped by Malcolm Subban with a rebound.
11:30 of 1st period - Snap shot by Joakim Nordstrom.
11:30 of 1st period - Shot Blocked by Eric Tangradi.
11:32 of 1st period - Slapshot by Joakim Nordstrom.
11:32 of 1st period - Stopped by Malcolm Subban with a rebound.
11:54 of 1st period - Wrist shot by Brian Gibbons.
11:54 of 1st period - Stopped by Malcolm Subban without a rebound.
11:55 of 1st period - Brian Gibbons wins face-off versus David Steckel in Pirates zone.
12:55 of 1st period - Mark Stone is hit by Brandon Segal and loses puck.
13:22 of 1st period - Minor Penalty to Cody Goloubef for Holding.
13:23 of 1st period - J.T. Brown wins face-off versus David Steckel in Rivermen zone.
13:42 of 1st period - Ryan Craig is hit by Ryan Reaves and loses puck.
14:01 of 1st period - Brian Gibbons is hit by Nick Johnson and loses puck.
14:06 of 1st period - Backhand shot by Gilbert Brule.
14:06 of 1st period - Goal by Gilbert Brule - Rivermen : 0 - Pirates : 3.
14:07 of 1st period - Zack Phillips wins face-off versus Tobias Rieder in neutral zone.
15:01 of 1st period - David Steckel is hit by Cody Goloubef and loses puck.
15:18 of 1st period - Bobby Butler is hit by Jeremy Morin and loses puck.
15:28 of 1st period - Minor Penalty to Brian O'Neill for Elbowing.
15:29 of 1st period - Gilbert Brule wins face-off versus J.T. Brown in Rivermen zone.
15:34 of 1st period - Slapshot by Gilbert Brule.
15:34 of 1st period - Goal by Gilbert Brule - Rivermen : 0 - Pirates : 4.
15:34 of 1st period - Jared Coreau enters game.
15:35 of 1st period - David Steckel wins face-off versus Brian Gibbons in neutral zone.
15:58 of 1st period - Wrist shot by Bobby Butler.
15:58 of 1st period - Stopped by Jared Coreau with a rebound.
16:00 of 1st period - Snap shot by Bobby Butler.
16:00 of 1st period - Stopped by Jared Coreau without a rebound.
16:01 of 1st period - Brandon Segal wins face-off versus Zack Phillips in Rivermen zone.
16:10 of 1st period - Slapshot by Gilbert Brule.
16:10 of 1st period - Stopped by Jared Coreau with a rebound.
16:12 of 1st period - Minor Penalty to John Lee for Roughing.
16:13 of 1st period - David Steckel wins face-off versus J.T. Brown in Rivermen zone.
17:04 of 1st period - Mark Stone is hit by Gilbert Brule and loses puck.
17:41 of 1st period - Snap shot by Nathan Beaulieu.
17:41 of 1st period - Shot Blocked by Ryan Reaves.
18:09 of 1st period - Bobby Butler is hit by J.T. Brown.
18:12 of 1st period - Penalty to John Lee is over, John Lee is back on ice.
19:11 of 1st period - Tom Gilbert is hit by Joe Whitney and loses puck.
19:22 of 1st period - Joe Piskula is hit by Tom Gilbert and loses puck.
19:32 of 1st period - Off-side.
19:33 of 1st period - Colton Sissons wins face-off versus Peter Holland in neutral zone.
19:36 of 1st period - Snap shot by J.T. Brown.
19:36 of 1st period - Shot Hit the Post.
Goals for this period are 0 for Rivermen vs 4 for Pirates.
Shots for this period are 10 for Rivermen vs 8 for Pirates.

2nd period


0:01 of 2nd period - David Steckel wins face-off versus Ryan Reaves in neutral zone.
1:00 of 2nd period - Cody Goloubef is hit by Brandon Segal and loses puck.
1:07 of 2nd period - Slapshot by Maxime Fortunus.
1:07 of 2nd period - Deflect By Brandon Segal.
1:07 of 2nd period - Stopped by Malcolm Subban with a rebound.
1:43 of 2nd period - Snap shot by Mike Richards.
1:43 of 2nd period - Shot Blocked by Brian O'Neill.
2:20 of 2nd period - Cody Goloubef is hit by Peter Holland and loses puck.
3:01 of 2nd period - Wrist shot by Gilbert Brule.
3:01 of 2nd period - Shot Misses the Net.
3:13 of 2nd period - Slapshot by Tom Gilbert.
3:13 of 2nd period - Deflect By Rob Davison.
3:13 of 2nd period - Stopped by Jared Coreau with a rebound.
3:15 of 2nd period - Snap shot by Ryan Craig.
3:15 of 2nd period - Goal by Ryan Craig - Rivermen : 0 - Pirates : 5.
3:16 of 2nd period - Mike Richards wins face-off versus Brian Gibbons in neutral zone.
3:35 of 2nd period - Snap shot by Mike Richards.
3:35 of 2nd period - Shot Misses the Net.
3:37 of 2nd period - Slapshot by Nathan Beaulieu.
3:37 of 2nd period - Stopped by Jared Coreau with a rebound.
3:39 of 2nd period - Slapshot by Nathan Beaulieu.
3:39 of 2nd period - Stopped by Jared Coreau with a rebound.
4:09 of 2nd period - Wrist shot by Jeremy Morin.
4:09 of 2nd period - Stopped by Malcolm Subban with a rebound.
5:00 of 2nd period - Cody Goloubef is hit by Gilbert Brule and loses puck.
5:07 of 2nd period - Snap shot by Gilbert Brule.
5:07 of 2nd period - Goal by Gilbert Brule - Rivermen : 0 - Pirates : 6.
5:08 of 2nd period - Brian Gibbons wins face-off versus Gilbert Brule in neutral zone.
5:23 of 2nd period - Snap shot by Brian Gibbons.
5:23 of 2nd period - Shot Misses the Net.
5:25 of 2nd period - Snap shot by Ryan Reaves.
5:25 of 2nd period - Stopped by Malcolm Subban without a rebound.
5:26 of 2nd period - Brandon Segal wins face-off versus Brian Gibbons in Pirates zone.
5:54 of 2nd period - Off-side.
5:55 of 2nd period - David Steckel wins face-off versus Zack Phillips in neutral zone.
6:46 of 2nd period - Slapshot by Nathan Beaulieu.
6:46 of 2nd period - Stopped by Jared Coreau with a rebound.
6:48 of 2nd period - Snap shot by Henrik Tommernes.
6:48 of 2nd period - Deflect By Mike Richards.
6:48 of 2nd period - Stopped by Jared Coreau with a rebound.
6:50 of 2nd period - Snap shot by Mike Richards.
6:50 of 2nd period - Shot Blocked by Brian O'Neill.
6:52 of 2nd period - Slapshot by Tobias Rieder.
6:52 of 2nd period - Goal by Tobias Rieder - Rivermen : 0 - Pirates : 7.
6:53 of 2nd period - Brandon Segal wins face-off versus Brian Gibbons in neutral zone.
7:19 of 2nd period - Slapshot by Aaron Rome.
7:19 of 2nd period - Stopped by Jared Coreau with a rebound.
7:27 of 2nd period - Slapshot by Ryan Reaves.
7:27 of 2nd period - Shot Misses the Net.
7:45 of 2nd period - David Steckel is hit by Rob Davison and loses puck.
8:16 of 2nd period - Wrist shot by David Steckel.
8:16 of 2nd period - Stopped by Jared Coreau without a rebound.
8:17 of 2nd period - Tobias Rieder wins face-off versus Zack Phillips in Rivermen zone.
9:21 of 2nd period - Colton Sissons is hit by Vincent LoVerde and loses puck.
9:38 of 2nd period - Colton Sissons is hit by David Steckel and loses puck.
10:18 of 2nd period - Icing by Henrik Tommernes.
10:19 of 2nd period - Gilbert Brule wins face-off versus Brian Gibbons in Pirates zone.
11:09 of 2nd period - Off-side.
11:10 of 2nd period - Joakim Nordstrom wins face-off versus Tobias Rieder in neutral zone.
12:10 of 2nd period - Off-side.
12:11 of 2nd period - Gilbert Brule wins face-off versus Ryan Reaves in neutral zone.
12:13 of 2nd period - Off-side.
12:14 of 2nd period - Brian Gibbons wins face-off versus Gilbert Brule in neutral zone.
12:31 of 2nd period - Snap shot by Gilbert Brule.
12:31 of 2nd period - Stopped by Jared Coreau with a rebound.
13:05 of 2nd period - Joe Whitney is hit by Tom Gilbert and loses puck.
13:36 of 2nd period - Icing by Zack Phillips.
13:37 of 2nd period - Zack Phillips wins face-off versus Tobias Rieder in Rivermen zone.
13:42 of 2nd period - Snap shot by Eric Tangradi.
13:42 of 2nd period - Shot Misses the Net.
13:44 of 2nd period - Slapshot by Mike Richards.
13:44 of 2nd period - Shot Misses the Net.
13:46 of 2nd period - Slapshot by Aaron Rome.
13:46 of 2nd period - Shot Blocked by John Lee.
13:48 of 2nd period - Slapshot by Aaron Rome.
13:48 of 2nd period - Deflect By Mark Stone.
13:48 of 2nd period - Stopped by Jared Coreau with a rebound.
13:50 of 2nd period - Snap shot by Mike Richards.
13:50 of 2nd period - Goal by Mike Richards - Rivermen : 0 - Pirates : 8.
13:50 of 2nd period - Tyler Bunz enters game.
13:51 of 2nd period - Nick Johnson wins face-off versus Joakim Nordstrom in neutral zone.
14:02 of 2nd period - Wrist shot by Brandon Segal.
14:02 of 2nd period - Shot Blocked by Zach Miskovic.
15:02 of 2nd period - Nathan Beaulieu is hit by Ryan Sproul.
15:06 of 2nd period - Henrik Tommernes is hit by Ryan Reaves and loses puck.
16:05 of 2nd period - Icing by Gilbert Brule.
16:06 of 2nd period - Colton Sissons wins face-off versus Gilbert Brule in Pirates zone.
16:07 of 2nd period - Snap shot by J.T. Brown.
16:07 of 2nd period - Stopped by Malcolm Subban with a rebound.
16:09 of 2nd period - Wrist shot by J.T. Brown.
16:09 of 2nd period - Stopped by Malcolm Subban with a rebound.
17:13 of 2nd period - Eric Tangradi is hit by Jeremy Morin and loses puck.
17:22 of 2nd period - Wrist shot by Aaron Rome.
17:22 of 2nd period - Shot Blocked by John Lee.
17:24 of 2nd period - Wrist shot by Mike Richards.
17:24 of 2nd period - Goal by Mike Richards - Rivermen : 0 - Pirates : 9.
17:25 of 2nd period - Zack Phillips wins face-off versus Tobias Rieder in neutral zone.
18:18 of 2nd period - Mark Stone is hit by Bobby Butler and loses puck.
18:50 of 2nd period - Slapshot by Andrej Sustr.
18:50 of 2nd period - Stopped by Tyler Bunz with a rebound.
18:52 of 2nd period - Snap shot by Brandon Segal.
18:52 of 2nd period - Shot Misses the Net.
18:54 of 2nd period - Snap shot by Brandon Segal.
18:54 of 2nd period - Shot Misses the Net.
18:56 of 2nd period - Slapshot by Brandon Segal.
18:56 of 2nd period - Shot Misses the Net.
18:58 of 2nd period - Snap shot by Brandon Segal.
18:58 of 2nd period - Stopped by Tyler Bunz without a rebound.
18:59 of 2nd period - Gilbert Brule wins face-off versus Joakim Nordstrom in Rivermen zone.
19:00 of 2nd period - Snap shot by Brandon Segal.
19:00 of 2nd period - Stopped by Tyler Bunz without a rebound.
19:01 of 2nd period - Joakim Nordstrom wins face-off versus Gilbert Brule in Rivermen zone.
19:22 of 2nd period - Snap shot by Gilbert Brule.
19:22 of 2nd period - Deflect By Nick Johnson.
19:22 of 2nd period - Shot Misses the Net.
19:22 of 2nd period - Puck is out of play.
19:23 of 2nd period - David Steckel wins face-off versus Brian Gibbons in Rivermen zone.
19:56 of 2nd period - Ryan Sproul is hit by David Steckel and loses puck.
Goals for this period are 0 for Rivermen vs 5 for Pirates.
Shots for this period are 5 for Rivermen vs 17 for Pirates.

3rd period


0:01 of 3rd period - David Steckel wins face-off versus Brian Gibbons in neutral zone.
0:06 of 3rd period - Snap shot by Ryan Craig.
0:06 of 3rd period - Shot Misses the Net.
0:16 of 3rd period - Wrist shot by J.T. Brown.
0:16 of 3rd period - Stopped by Malcolm Subban with a rebound.
0:18 of 3rd period - Slapshot by Rob Davison.
0:18 of 3rd period - Shot Misses the Net.
0:20 of 3rd period - Snap shot by J.T. Brown.
0:20 of 3rd period - Shot Misses the Net.
0:22 of 3rd period - Slapshot by Ryan Reaves.
0:22 of 3rd period - Deflect By Brian Gibbons.
0:22 of 3rd period - Shot Misses the Net.
0:22 of 3rd period - Puck is out of play.
0:23 of 3rd period - Brandon Segal wins face-off versus Zack Phillips in Pirates zone.
0:23 of 3rd period - Brandon Segal is hit by Cody Goloubef.
0:48 of 3rd period - Icing by Maxime Fortunus.
0:49 of 3rd period - David Steckel wins face-off versus Zack Phillips in Rivermen zone.
2:25 of 3rd period - Off-side.
2:26 of 3rd period - Joakim Nordstrom wins face-off versus Brandon Segal in neutral zone.
2:29 of 3rd period - Henrik Tommernes is hit by Rob Davison and loses puck.
2:38 of 3rd period - Snap shot by Nick Johnson.
2:38 of 3rd period - Stopped by Tyler Bunz with a rebound.
2:46 of 3rd period - Brandon Segal is hit by Rob Davison and loses puck.
2:58 of 3rd period - Snap shot by Gilbert Brule.
2:58 of 3rd period - Shot Misses the Net.
3:23 of 3rd period - Icing by Rob Davison.
3:24 of 3rd period - Joakim Nordstrom wins face-off versus Tobias Rieder in Rivermen zone.
4:00 of 3rd period - Minor Penalty to Joe Whitney for High sticking.
4:01 of 3rd period - David Steckel wins face-off versus J.T. Brown in Rivermen zone.
4:40 of 3rd period - Andrej Sustr is hit by Ryan Reaves and loses puck.
5:07 of 3rd period - Nathan Beaulieu is hit by Ryan Reaves and loses puck.
5:20 of 3rd period - Slapshot by Gilbert Brule.
5:20 of 3rd period - Goal by Gilbert Brule - Rivermen : 0 - Pirates : 10.
5:21 of 3rd period - Zack Phillips wins face-off versus Eric Tangradi in neutral zone.
5:29 of 3rd period - Off-side.
5:30 of 3rd period - Zack Phillips wins face-off versus Tobias Rieder in neutral zone.
5:36 of 3rd period - Minor Penalty to Tom Gilbert for Hooking.
5:37 of 3rd period - Bobby Butler wins face-off versus Zack Phillips in Pirates zone.
5:58 of 3rd period - Wrist shot by Joe Whitney.
5:58 of 3rd period - Deflect By Zack Phillips.
5:58 of 3rd period - Stopped by Malcolm Subban with a rebound.
6:00 of 3rd period - Wrist shot by Zack Phillips.
6:00 of 3rd period - Stopped by Malcolm Subban with a rebound.
6:02 of 3rd period - Snap shot by Joe Whitney.
6:02 of 3rd period - Stopped by Malcolm Subban with a rebound.
6:04 of 3rd period - Slapshot by Rob Davison.
6:04 of 3rd period - Shot Blocked by Bobby Butler.
6:06 of 3rd period - Slapshot by Rob Davison.
6:06 of 3rd period - Shot Misses the Net.
6:08 of 3rd period - Slapshot by Rob Davison.
6:08 of 3rd period - Deflect By Mark Stone.
6:08 of 3rd period - Stopped by Malcolm Subban with a rebound.
7:07 of 3rd period - Mike Richards is hit by Cody Goloubef and loses puck.
7:36 of 3rd period - Penalty to Tom Gilbert is over, Tom Gilbert is back on ice.
7:54 of 3rd period - Vincent LoVerde is hit by Brian O'Neill and loses puck.
8:47 of 3rd period - Nick Johnson is hit by Joe Whitney and loses puck.
8:56 of 3rd period - Nick Johnson is hit by Zack Phillips.
10:00 of 3rd period - Slapshot by J.T. Brown.
10:00 of 3rd period - Deflect By Colton Sissons.
10:00 of 3rd period - Stopped by Malcolm Subban with a rebound.
10:43 of 3rd period - Nick Johnson is hit by J.T. Brown and loses puck.
11:25 of 3rd period - Icing by Ryan Sproul.
11:26 of 3rd period - David Steckel wins face-off versus Zack Phillips in Rivermen zone.
12:07 of 3rd period - Snap shot by Tom Gilbert.
12:07 of 3rd period - Shot Misses the Net.
12:09 of 3rd period - Slapshot by David Steckel.
12:09 of 3rd period - Shot Blocked by John Lee.
12:11 of 3rd period - Slapshot by Bobby Butler.
12:11 of 3rd period - Stopped by Tyler Bunz with a rebound.
12:13 of 3rd period - Wrist shot by Tom Gilbert.
12:13 of 3rd period - Shot Blocked by John Lee.
12:29 of 3rd period - Brian Gibbons is hit by Gilbert Brule and loses puck.
13:26 of 3rd period - Cody Goloubef is hit by Peter Holland and loses puck.
14:09 of 3rd period - Snap shot by Peter Holland.
14:09 of 3rd period - Deflect By Ryan Craig.
14:09 of 3rd period - Shot Blocked by Rob Davison.
14:09 of 3rd period - Puck is out of play.
14:10 of 3rd period - Joakim Nordstrom wins face-off versus David Steckel in Rivermen zone.
16:09 of 3rd period - Minor Penalty to Ryan Craig for High sticking.
16:10 of 3rd period - Brian Gibbons wins face-off versus Peter Holland in Pirates zone.
16:25 of 3rd period - Wrist shot by Brian Gibbons.
16:25 of 3rd period - Shot Misses the Net.
17:06 of 3rd period - Zack Phillips is hit by Nathan Beaulieu and loses puck.
17:23 of 3rd period - Maxime Fortunus is hit by Henrik Tommernes.
18:09 of 3rd period - Penalty to Ryan Craig is over, Ryan Craig is back on ice.
18:28 of 3rd period - Off-side.
18:29 of 3rd period - Joakim Nordstrom wins face-off versus Gilbert Brule in neutral zone.
19:29 of 3rd period - Joakim Nordstrom is hit by Gilbert Brule and loses puck.
Goals for this period are 0 for Rivermen vs 1 for Pirates.
Shots for this period are 6 for Rivermen vs 3 for Pirates.


Output by the SimonT Hockey Simulator (STHS) for Eric Dolegowski -- Original Page W3C XHTML 1.0 Valid
Hockey Simulator - Hockey Simulation - Hockey Manager